 Dungeon Crawl Stone Soup version 0.31.0-12-g77e489cdc1 (webtiles) character file.

Game seed: 16826489003541325384

1230 Roog the Chopper (level 8, -8/67 (70) HPs)
             Began as a Minotaur Berserker on Feb 20, 2024.
             Was a Believer of Trog.
             Mangled by a wight
             ... wielding a +0 battleaxe
              (11 damage)
             ... on level 6 of the Dungeon.
             The game lasted 00:05:23 (4363 turns).

Roog the Chopper (Minotaur Berserker)               Turns: 4363, Time: 00:05:24

HP:   -8/67 (70)    AC: 12    Str: 23    XL:     8   Next: 24%
MP:   7/7           EV:  4    Int: 13    God:    Trog [**....]
Gold: 306           SH: 11    Dex:  4    Spells: 7/7 levels left

rFire   . . .        z - +6 hammer of Greatest Utility {freeze, rPois Str-2 Int+9 Dex-5}
rCold   . . .        o - +0 tower shield
rNeg    . . .        t - +0 plate armour
rPois   +            (helmet restricted)
rElec   .            (no cloak)
rCorr   .            (no gloves)
SInv    .            (no boots)
Will    .....        (no amulet) Stlth
                     (no ring)
HPRegen 0.31/turn    (no ring)
MPRegen 0.10/turn

%: no passive effects
@: lightly drained
A: horns 2, retaliatory headbutt
a: Renounce Religion, Berserk, Trog's Hand


You were on level 6 of the Dungeon.
You worshipped Trog.
Trog was pleased with you.
You visited 1 branch of the dungeon, and saw 6 of its levels.

You collected 306 gold pieces.

Inventory:

Hand Weapons
 a - a +0 hand axe
 z - the +6 hammer of Greatest Utility (weapon) {freeze, rPois Str-2 Int+9 Dex-5}
   (You found it on level 5 of the Dungeon)

   Str-2:     It affects your strength (-2).
   Int+9:     It affects your intelligence (+9).
   Dex-5:     It affects your dexterity (-5).
   rPois:     It protects you from poison
Armour
 b - a +0 animal skin
 h - a +0 ring mail
 o - a +0 tower shield (worn)
 s - a +0 scale mail
 t - a +0 plate armour (worn)
Jewellery
 k - an amulet of guardian spirit
Wands
 p - a wand of roots (7)
Scrolls
 c - 2 scrolls of vulnerability {unknown}
 g - 4 scrolls of identify {unknown}
 i - 2 scrolls of enchant weapon {unknown}
 m - a scroll of summoning {unknown}
 n - 2 scrolls of fear {unknown}
 q - 4 scrolls of teleportation {unknown}
 r - 2 scrolls of noise {unknown}
 v - 2 scrolls of blinking {unknown}
 y - a scroll of amnesia {unknown}
Potions
 d - 6 potions of curing {unknown}
 e - 2 potions of haste {unknown}
 f - a potion of cancellation {unknown}
 j - 2 potions of berserk rage {unknown}
 l - a potion of heal wounds {unknown}
 u - 3 potions of attraction {unknown}
 w - 3 potions of resistance {unknown}
 x - a potion of enlightenment {unknown}


   Skills:
 + Level 5.6 Fighting
 + Level 7.5 Axes
 + Level 0.2(4.6) Maces & Flails
 + Level 6.1 Armour
 + Level 3.5 Dodging
 + Level 0.7 Stealth
 + Level 5.6 Shields


You had 7 spell levels left.
You didn't know any spells.
Your spell library was empty.

Dungeon Overview and Level Annotations

Branches:
Dungeon (6/15)
 Temple: D:4-7

Altars:
Hepliaklqana
The Shining One

Shops:
D:4 *

Annotations:
D:6 Dowan, Duvessa


Innate Abilities, Weirdness & Mutations

You have a pair of horns on your head.
You reflexively headbutt those who attack you in melee.


Message History

You hit the wight. You headbutt the wight!
You destroy the wight!
Trog accepts your kill.
You feel very sick.
A wight comes into view. It is wielding a +0 battleaxe.
You feel sick.
Things that are here:
a +2 dagger of venom; a +0 robe Duvessa, Dowan and 2 wights come into view.
You feel very sick.
Dowan shouts!
You feel sick. The wight attacks as it pursues you!
You block the wight's attack.
Things that are here:
a +2 dagger of venom; a +0 robe You feel sick.
You hit the wight.
The wight is lightly damaged.
You feel sick.
You feel sick. You block the wight's attack. x3
Things that are here:
a +2 dagger of venom; a +0 robe You hit the wight.
The wight is moderately damaged.
You feel sick. The wight barely misses you.
The wight hits you with a +0 great sword!
The wight hits you from afar with a +0 halberd.
* * * LOW HITPOINT WARNING * * *
The wight hits you with a +0 battleaxe!
* * * LOW HITPOINT WARNING * * *
The wight hits you from afar with a +0 halberd.
* * * LOW HITPOINT WARNING * * *
You feel drained.
* * * LOW HITPOINT WARNING * * *
You block the wight's attack.
Unknown command.
You feel sick.
You are no longer poisoned.
The wight attacks as it pursues you! The wight hits you with a +0 battleaxe!
You die...

#. #.# #. #.#
###### ##.##.#
# #.....
.....######.#
#.##.# .....
..... #.##.##.#
#..# ...
##.##.##.#
#.z##z##.###
##......#.#
#.@z.e......
......(...#
#.###e##.###
##..<...#.# #.#
.# ##.##.##.#
#.# e#
#.##.##.# #.#
.#
#.##.##.#####.#
..
#.............#
#.
#.......#######
. #.##.####


You could see Duvessa, Dowan and 3 wights.

Vanquished Creatures
  Sigmund (D:3)
  A black bear (D:5)
  An ogre (D:4)
  2 phantoms
  A bullfrog (D:6)
  2 scorpions (D:5)
  A wight (D:6)
  A bombardier beetle (D:5)
  A howler monkey (D:5)
  5 hounds
  Crazy Yiuf (D:5)
  An iguana (D:5)
  An orc wizard (D:4)
  Natasha (twice) (D:3)
  10 adders
  A white imp (D:5)
  5 dart slugs
  7 orcs
  4 endoplasms
  3 giant cockroaches
  A goblin (D:1)
  5 hobgoblins
  3 quokkas
  5 ball pythons
  6 bats
  5 frilled lizards
  3 kobolds
  3 rats
82 creatures vanquished.

Notes
Turn   | Place    | Note
-------+----------+-------------------------------------------
     0 | D:1      | Roog the Minotaur Berserker began the quest for the Orb.
     0 | D:1      | Reached XP level 1. HP: 19/19 MP: 0/0
   606 | D:1      | Found a faded altar of an unknown god.
   773 | D:1      | Reached XP level 2. HP: 23/27 MP: 1/1
   983 | D:2      | Found a glowing golden altar of the Shining One.
  1086 | D:2      | Reached skill level 4 in Axes
  1086 | D:2      | Reached XP level 3. HP: 25/33 MP: 2/2
  1840 | D:3      | Reached ** piety under Trog
  1918 | D:3      | Noticed Natasha
  1923 | D:3      | Killed Natasha
  1924 | D:3      | Reached XP level 4. HP: 26/41 MP: 3/3
  1987 | D:3      | Noticed Natasha
  1997 | D:3      | Killed Natasha
  2126 | D:3      | Noticed Sigmund
  2134 | D:3      | Killed Sigmund
  2135 | D:3      | Reached skill level 5 in Axes
  2135 | D:3      | Reached XP level 5. HP: 47/47 MP: 4/4
  2135 | D:3      | Reached XP level 6. HP: 55/55 MP: 5/5
  2736 | D:4      | Reached skill level 5 in Fighting
  2736 | D:4      | Reached skill level 1 in Shields
  2768 | D:4      | Found Vaugug's General Store.
  2813 | D:4      | Reached skill level 5 in Armour
  2893 | D:4      | Reached skill level 6 in Axes
  3123 | D:4      | Reached XP level 7. HP: 57/61 MP: 6/6
  3250 | D:5      | Entered Level 5 of the Dungeon
  3601 | D:5      | Found a faded altar of an unknown god.
  3601 | D:5      | Found a hazy altar of Hepliaklqana.
  3603 | D:5      | Found a faded altar of an unknown god.
  3797 | D:5      | Reached skill level 7 in Axes
  3871 | D:5      | Reached XP level 8. HP: 61/69 MP: 7/7
  3986 | D:5      | Reached skill level 5 in Shields
  4202 | D:5      | Found a runed translucent door.
  4203 | D:5      | Noticed Crazy Yiuf
  4211 | D:5      | Killed Crazy Yiuf
  4217 | D:5      | Identified the +6 hammer of Greatest Utility {freeze, rPois
                  | Str-2 Int+9 Dex-5}
  4357 | D:6      | Noticed Duvessa
  4357 | D:6      | Noticed Dowan
  4362 | D:6      | HP: 3/67 [wight/+0 halberd (1)]
  4363 | D:6      | Mangled by a wight

Illustrated notes

Levels and vault maps discovered:
D:1:      erik_arrival_blinker_ship, layout_basic,
          shapermc_ecumenical_altar_notcrosses, nicolae_titane
D:2:      layout_loops_ring, basic_altar, grunt_decor_fettered,
          minmay_hedge_maze
D:3:      layout_loops_ring, minivault_14, st_stairs_8,
          kennysheep_generic_room_7, uniq_sigmund, uniq_natasha
D:4:      layout_basic, serial_shops, nicolae_shop_crystal
D:5:      layout_basic, nicolae_hepliaklqana_ecumenical_no_more,
          minmay_statues_item, minmay_fractal_squares_gapless_5,
          uniq_crazy_yiuf_cottage
D:6:      layout_loops_ring, minmay_temple_entry_glassed_door,
          gammafunk_ghost_nasty_kobolds, uniq_duvessa, uniq_grinder

Skill      XL: |  1  2  3  4  5  6  7  8 |
---------------+-------------------------+-----
Fighting       | 4 5 |  5.6
Axes           | 4 5 6 7 |  7.5
Armour         | 3 4 5 6 |  6.1
Dodging        | 3 |  3.5
Shields        | 2 4 5 |  5.6
Maces & Flails | |  0.2
Stealth        | |  0.7

Action                     |  1- 3 |  4- 6 |  7- 9 || total
---------------------------+-------+-------+-------++-------
  Melee: Hand axe          |    75 |    92 |   121 ||   288
         Headbutt          |    10 |    14 |    19 ||    43
         Punch             |     1 |       |       ||     1
         Mace              |       |       |    11 ||    11
 Invoke: Berserk           |       |     1 |       ||     1
 Armour: Animal skin       |    16 |       |       ||    16
         Ring mail         |    30 |    19 |       ||    49
         Plate armour      |       |    41 |    95 ||   136
         Scale mail        |       |    16 |       ||    16
  Dodge: Dodged            |    45 |    15 |    30 ||    90
  Block: Tower shield      |     7 |    57 |    84 ||   148
